 Dungeon Crawl Stone Soup version 0.21-a0-81-gc5150db (webtiles) character file.

977 Lavandula the Vexing (level 7, -4/48 HPs)
             Began as a Mummy Arcane Marksman on June 23, 2017.
             Was a Follower of Ashenzari.
             Slain by an orc warrior
             ... wielding a +0 battleaxe
              (29 damage)
             ... on level 6 of the Dungeon.
             The game lasted 00:32:32 (5823 turns).

Lavandula the Vexing (Mummy Arcane Marksman)        Turns: 5823, Time: 00:32:35

Health: -4/48      AC:  3    Str: 13      XL:     7   Next: 95%
Magic:  2/9        EV: 12    Int: 15      God:    Ashenzari [*.....]
Gold:   247        SH:  5    Dex: 14 (15) Spells: 2/8 levels left

rFire    . . .     SeeInvis +   a - +0 hand crossbow
rCold    + . .     Gourm    .   n - +0 buckler (curse)
rNeg     + + +     Faith    .   A - +0 robe {rF+}
rPois    ∞         Spirit   .   (no helmet)
rElec    .         Reflect  .   q - scarf {repulsion}
rCorr    .         Harm     .   b - +0 pair of gloves
MR       .....                  (no boots)
Stlth    +.........             (no amulet)
HPRegen  0.16/turn              i - +3 ring of intelligence
MPRegen  0.11/turn              t - ring of see invisible

@: about to teleport, very slightly contaminated, repel missiles
A: no food or potions, fire vulnerability, cold resistance 1, negative energy
resistance 3, torment resistance, unbreathing
a: Curse Item, Scrying, Renounce Religion


You were on level 6 of the Dungeon.
You worshipped Ashenzari.
Ashenzari was aware of your devotion.
You were not hungry.

You visited 2 branches of the dungeon, and saw 8 of its levels.

You collected 247 gold pieces.

Inventory:

Hand Weapons
 a - a +0 hand crossbow (weapon)
 j - a +4 dagger
 u - a +2 hunting sling of freezing
 z - a +2 short sword of venom
Missiles
 d - 12 bolts (quivered)
 m - 8 tomahawks
 o - a throwing net
Armour
 b - a +0 pair of gloves (worn)
 l - a +0 ring mail
 n - a cursed +0 buckler (worn)
 q - a scarf of repulsion (worn)
 v - a +0 leather armour
 A - a +0 robe of fire resistance (worn)
Jewellery
 i - a +3 ring of intelligence (left hand)
 t - a ring of see invisible (right hand)
Wands
 e - a wand of iceblast (3/15)
Scrolls
 f - a scroll of amnesia
 g - 2 scrolls of remove curse
 p - 5 scrolls of fog
 w - a scroll of enchant weapon
Books
 c - a book of Debilitation

   Spells                             Type                      Level
   a - Corona                         Hexes                        1
   b - Slow                           Hexes                        2
   c - Inner Flame                    Hexes/Fire                   3
   d - Portal Projectile              Hexes/Translocation          3
   e - Cause Fear                     Hexes                        4
   f - Leda's Liquefaction            Hexes/Earth                  4
 s - a book of Misfortune

   Spells                             Type                      Level
   a - Confusing Touch                Hexes                        1
   b - Confuse                        Hexes                        3
   c - Gell's Gravitas                Translocation                3
   d - Petrify                        Transmutation/Earth          4
   e - Metabolic Englaciation         Hexes/Ice                    5
   f - Yara's Violent Unravelling     Hexes/Transmutation          5
 x - a book of Minor Magic

   Spells                             Type                      Level
   a - Magic Dart                     Conjuration                  1
   b - Blink                          Translocation                2
   c - Call Imp                       Summoning                    2
   d - Slow                           Hexes                        2
   e - Conjure Flame                  Conjuration/Fire             3
   f - Mephitic Cloud                 Conjuration/Poison/Air       3


   Skills:
 - Level 1.2 Fighting
 - Level 5.0 Crossbows
 - Level 1.5 Dodging
 + Level 3.8 Shields
 - Level 1.3 Spellcasting
 - Level 5.3 Hexes


You had 2 spell levels left.
You knew the following spells:

 Your Spells              Type           Power        Failure   Level  Hunger
a - Corona                Hex            ###....      2%          1    N/A
b - Slow                  Hex            ###.....     4%          2    N/A
c - Confuse               Hex            ###.....     8%          3    N/A

Dungeon Overview and Level Annotations

Branches:
Dungeon (7/15)             Temple (1/1) D:6

Altars:
Ashenzari
Cheibriados
Dithmenos
Elyvilon
Gozag
Hepliaklqana
Kikubaaqudgha
Makhleb
Nemelex Xobeh
Okawaru
Sif Muna
Trog
Vehumet
Wu Jian
Xom
Yredelemnul
Zin

Annotations:
D:5 exclusion: ice beast


Innate Abilities, Weirdness & Mutations

You do not eat or drink.
Your flesh is vulnerable to fire.
You are immune to poison.
Your flesh is cold resistant. (rC+)
You are immune to negative energy. (rN+++)
You are immune to unholy pain and torment.
You can survive without breathing.


Message History

Casting: Confuse
Confirm with . or Enter, or press ? or * to list all spells.
Aiming: Slow
Press: ? - help, Shift-Dir - straight line, f - orc warrior
Aim: an orc warrior, wielding a battleaxe and wearing a plate armour (inner flame, chance to defeat MR: 54%)
The orc warrior seems to slow down.
The quasit barely misses you. x2
The quasit claws you but does no damage.
Casting: Slow
Confirm with . or Enter, or press ? or * to list all spells.
Aiming: Slow
Press: ? - help, Shift-Dir - straight line, f - quasit, p - orc warrior
Aim: a quasit (inner flame, chance to defeat MR: 63%)
You miscast Slow.
You are very lightly contaminated with residual magic.
Nothing appears to happen.
The quasit bites you.
The quasit claws you but does no damage.
The quasit barely misses you.
The orc warrior hits you with a battleaxe!!
Ouch! That really hurt!
You die...

############
#≈≈≈≈≈≈≈≈≈≈#
≈≈≈≈≈≈≈≈≈≈≈≈
≈≈≈≈≈≈≈≈≈≈≈#
####≈≈≈≈≈## ####
#≈≈≈≈≈≈≈†≈≈ #...
#≈≈≈≈≈≈≈≈≈≈≈########
#...
#≈≈≈≈≈#######.oo@5.#
#... ≈≈≈≈≈≈.
#.####'###### #...
≈≈≈≈≈≈≈.
#.##......!.# #...
#≈≈≈≈≈≈≈
#.#<........# #...
##≈≈≈≈≈≈≈
#.#.........######...
≈##
#.#..............'...
≈≈##
#.#.##.#######.###...
.≈.## #.#.##.# #.#
#... #≈#.#
#.#......#####'###...


You could see an orc warrior (inner flame), a quasit (inner flame) and an orc
(inner flame).

Vanquished Creatures
  An orc warrior (D:6)
  2 ogres
  A phantom (D:6)
  A scorpion (D:6)
  An electric eel (D:6)
  A wight (D:7)
  A crimson imp (D:7)
  A hound (D:4)
  3 orc priests (D:6)
  An orc wizard (D:6)
  A bullfrog skeleton (D:6)
  An iguana (D:6)
  3 worker ants
  A worker ant zombie (D:7)
  3 adders
  A gnoll (D:2)
  2 oozes (D:1)
  6 worms
  2 dart slugs
  6 leopard geckos
  21 orcs
  9 bats
  8 giant cockroaches
  11 goblins
  6 hobgoblins
  11 jackals
  3 quokkas
  7 frilled lizards
  4 kobolds (D:2)
  A quokka zombie (D:5)
  6 rats
126 creatures vanquished.

Vanquished Creatures (others)
  A quokka (D:4)
  A frilled lizard (D:4)
2 creatures vanquished.

Grand Total: 128 creatures vanquished

Notes
Turn   | Place    | Note
-------+----------+-------------------------------------------
     0 | D:1      | Lavandula the Mummy Arcane Marksman began the quest for the Orb.
     0 | D:1      | Reached XP level 1. HP: 15/15 MP: 2/2
   162 | D:1      | Reached XP level 2. HP: 15/21 MP: 4/4
   640 | D:1      | Reached XP level 3. HP: 26/26 MP: 0/5
  1037 | D:2      | Learned a level 2 spell: Slow
  1357 | D:2      | Reached XP level 4. HP: 12/32 MP: 2/6
  2116 | D:3      | Found an ornate altar of the Wu Jian Council.
  2119 | D:3      | Found a burning altar of Makhleb.
  2119 | D:3      | Found a basalt altar of Yredelemnul.
  2190 | D:3      | Found a shattered altar of Ashenzari.
  2504 | D:3      | Reached XP level 5. HP: 24/37 MP: 7/7
  2626 | D:3      | Learned a level 3 spell: Confuse
  2845 | D:4      | Found an iron altar of Okawaru.
  2853 | D:4      | Noticed an ogre
  2897 | D:3      | Became a worshipper of Ashenzari the Shackled
  3708 | D:4      | Found a white marble altar of Elyvilon.
  3755 | D:4      | Reached skill level 5 in Crossbows
  3921 | D:5      | Entered Level 5 of the Dungeon
  4086 | D:5      | Found a deep blue altar of Sif Muna.
  4118 | D:5      | Noticed an ice beast
  4578 | D:6      | Reached XP level 6. HP: 30/43 MP: 8/8
  4767 | D:6      | Found a staircase to the Ecumenical Temple.
  4929 | Temple   | Entered the Ecumenical Temple
  5138 | D:6      | Reached skill level 5 in Hexes
  5138 | D:6      | Reached XP level 7. HP: 46/48 MP: 3/9
  5200 | D:6      | Reached * piety under Ashenzari
  5312 | D:6      | Reached skill level 1 in Shields
  5823 | D:6      | Slain by an orc warrior

Vault maps used:
D:1:      evilmike_arrival_plus, minmay_pentomino_s4
D:3:      gammafunk_temple_overflow_forgotten, nicolae_overflow_hidden_temple
D:4:      elyvilon_altar_4, okawaru_ov_weapons_minmay
D:5:      overflow_temple_1_default, first_bread
D:6:      wad_lake_hut, minmay_temple_entry_statues_fountains
D:7:      kennysheep_mini_moat, the_bakery, lemuel_flamethrower_2
Temple:   jpeg_temple_alley_garden

Skill      XL: |  1  2  3  4  5  6  7 |
---------------+----------------------+-----
Crossbows      | 2 3 4 5 |  5.0
Hexes          | 3 5 |  5.3
Shields        | 3 |  3.8
Fighting       | |  1.2
Dodging        | |  1.5
Spellcasting   | |  1.3

Action                   |  1- 3 |  4- 6 |  7- 9 || total
-------------------------+-------+-------+-------++-------
Melee: Whip              |    18 |       |       ||    18
       Dagger            |    57 |   103 |    24 ||   184
 Fire: Hand crossbow     |    54 |   182 |    53 ||   289
 Cast: Corona            |    23 |    46 |     5 ||    74
       Slow              |       |     9 |     1 ||    10
       Confuse           |       |     7 |    10 ||    17
Invok: Curse Item        |       |       |     1 ||     1
Evoke: Wand              |       |       |     2 ||     2
  Use: Scroll            |       |     6 |     3 ||     9
 Stab: Sleeping          |       |     2 |       ||     2
       Confused          |       |       |     2 ||     2
Armor: Robe              |    38 |    29 |     5 ||    72
       Leather armour    |       |    21 |     2 ||    23
Dodge: Dodged            |    87 |   140 |    19 ||   246
Block: Buckler           |       |    14 |     9 ||    23
